IL
COLUMBUS CLIPPERS @ OMAHA STORM CHASERS
09/11/2048
 
TOP OF THE 1ST
Columbus Clippers batting - Pitching for Omaha Storm Chasers : RHP Brandon Ferrari
Pitching: RHP Brandon Ferrari
Batting: SHB Scott Scott 0-0: Called Strike
0-1: Ground out 4-3 (Groundball, 4M, EV 90.6 MPH)
Batting: LHB Corey Trevor 0-0: Foul Ball, location: 2F
0-1: Swinging Strike
0-2: Fly out, F9 (Flyball, 9, EV 93.8 MPH)
Batting: LHB Jesus Lozano 0-0: Ball
1-0: Ball
2-0: Called Strike
2-1: Ball
3-1: DOUBLE (Line Drive, 9LM, EV 106.2 MPH)
Batting: RHB Eddie LaRose 0-0: Fly out, F3 (Line Drive, 3L, EV 60.6 MPH)
Top of the 1st over - 0 runs, 1 hit, 0 errors, 1 left on base; Columbus 0 - Omaha 0
BOTTOM OF THE 1ST
Omaha Storm Chasers batting - Pitching for Columbus Clippers : RHP Jason Greene
Pitching: RHP Jason Greene
Batting: LHB Danny Bailey 0-0: Swinging Strike
0-1: Called Strike
0-2: Ground out U3 (Groundball, 3, EV 104.4 MPH)
Batting: RHB Walt Cogswell 0-0: Ball
1-0: Foul Ball, location: 2F
1-1: Fly out, F9 (Flyball, 9, EV 83.1 MPH)
Batting: RHB Taisei Fujii 0-0: Ball
1-0: Called Strike
1-1: Ball
2-1: Foul Ball, location: 2F
2-2: Ground out 6-3 (Groundball, 6, EV 83.1 MPH)
Bottom of the 1st over - 0 runs, 0 hits, 0 errors, 0 left on base; Columbus 0 - Omaha 0
TOP OF THE 2ND
Columbus Clippers batting - Pitching for Omaha Storm Chasers : RHP Brandon Ferrari
Batting: LHB Robert Watson 0-0: Called Strike
0-1: Foul Ball, location: 2F
0-2: Strikes out swinging
Batting: RHB Stephen Charbonneau 0-0: Ball
1-0: Ball
2-0: DOUBLE (Line Drive, 3D, EV 95.0 MPH)
Batting: RHB Solange Le Coq 0-0: Called Strike
0-1: Ground out 4-3 (Groundball, 34, EV 103.1 MPH)
Stephen Charbonneau to third
Batting: RHB Chang-wei Jiang 0-0: Foul Ball, location: 2F
0-1: Ball
1-1: Ball
2-1: Foul Ball, location: 2F
2-2: 2-RUN HOME RUN (Flyball, 7LD, EV 93.8 MPH), Distance : 385 ft
Batting: RHB Terry Baginski 0-0: Ball
1-0: Ball
2-0: Ball
3-0: Called Strike
3-1: Base on Balls
Batting: SHB Scott Scott 0-0: Called Strike
0-1: Swinging Strike
0-2: SINGLE (Flyball, 7, EV 76.9 MPH)
Terry Baginski to second
Runner from 2nd tries for 3rd, SAFE, throw by LF made to third
Batting: LHB Corey Trevor 0-0: Foul Ball, location: 2F
0-1: Foul Ball, location: 2F
0-2: Ball
1-2: Ball
2-2: Foul Ball, location: 2F
2-2: Ball
3-2: Base on Balls
Scott Scott to second
Batting: LHB Jesus Lozano 0-0: Called Strike
0-1: Called Strike
0-2: Strikes out swinging
Top of the 2nd over - 2 runs, 3 hits, 0 errors, 3 left on base; Columbus 2 - Omaha 0
BOTTOM OF THE 2ND
Omaha Storm Chasers batting - Pitching for Columbus Clippers : RHP Jason Greene
Batting: LHB Shigeru Ono 0-0: SINGLE (Line Drive, 89S, EV 101.9 MPH)
Batting: SHB Francisco Gutierrez 0-0: Ball
1-0: Foul Ball, location: 2F
1-1: Foul Ball, location: 2F
1-2: Foul Ball, location: 2F
1-2: SINGLE (Line Drive, 9S, EV 114.4 MPH)
Shigeru Ono to second
Batting: RHB Danny Weisse 0-0: Fly out, F9 (Flyball, 9D, EV 91.9 MPH)
Runner from 2nd tags up, SAFE at 3rd, no throw by RF
Batting: RHB Yuichi Takata 0-0: Grounds into double play, 1-6-3 (Groundball, 34S, EV 62.5 MPH)
Bottom of the 2nd over - 0 runs, 2 hits, 0 errors, 1 left on base; Columbus 2 - Omaha 0
TOP OF THE 3RD
Columbus Clippers batting - Pitching for Omaha Storm Chasers : RHP Brandon Ferrari
Batting: RHB Eddie LaRose 0-0: Foul Ball, location: 2F
0-1: Ball
1-1: Ball
2-1: Swinging Strike
2-2: Ball
3-2: Foul Ball, location: 2F
3-2: Base on Balls
Batting: LHB Robert Watson 0-0: Called Strike
Eddie LaRose steals 2nd base
0-1: Ball
1-1: Swinging Strike
1-2: Strikes out swinging
Batting: RHB Stephen Charbonneau 0-0: Foul Ball, location: 2F
0-1: Ball
1-1: Called Strike
1-2: Ball
2-2: Strikes out swinging
Batting: RHB Solange Le Coq 0-0: Called Strike
0-1: Ball
1-1: Ball
2-1: Ball
3-1: Swinging Strike
3-2: Foul Ball, location: 2F
3-2: Strikes out swinging
Top of the 3rd over - 0 runs, 0 hits, 0 errors, 1 left on base; Columbus 2 - Omaha 0
BOTTOM OF THE 3RD
Omaha Storm Chasers batting - Pitching for Columbus Clippers : RHP Jason Greene
Batting: SHB Arturo Baez 0-0: Ball
1-0: Ball
2-0: Ball
3-0: Called Strike
3-1: Called Strike
3-2: SINGLE (Groundball, 34D, EV 108.1 MPH)
Batting: RHB Kevin Roseen 0-0: Ball
1-0: Foul Ball, location: 2F
1-1: Ground out 6-3 (Groundball, 6M, EV 99.4 MPH)
Arturo Baez to second
Batting: LHB Danny Bailey 0-0: Ball
1-0: Swinging Strike
1-1: Foul Ball, location: 2F
1-2: Strikes out swinging
Batting: RHB Walt Cogswell 0-0: Ball
1-0: Swinging Strike
1-1: Fly out, F9 (Flyball, 89M, EV 83.1 MPH)
Bottom of the 3rd over - 0 runs, 1 hit, 0 errors, 1 left on base; Columbus 2 - Omaha 0
TOP OF THE 4TH
Columbus Clippers batting - Pitching for Omaha Storm Chasers : RHP Brandon Ferrari
Batting: RHB Chang-wei Jiang 0-0: Swinging Strike
0-1: Ball
1-1: Fly out, F7 (Flyball, 7LSF, EV 93.1 MPH)
Batting: RHB Terry Baginski 0-0: Ground out 6-3 (Groundball, 6S, EV 58.1 MPH)
Batting: SHB Scott Scott 0-0: Ball
1-0: Ball
2-0: Foul Ball, location: 2F
2-1: Swinging Strike
2-2: Foul Ball, location: 2F
2-2: Ball
3-2: Base on Balls
Batting: LHB Corey Trevor 0-0: Ball
1-0: Ball
2-0: Foul Ball, location: 2F
2-1: Foul Ball, location: 2F
2-2: Foul Ball, location: 2F
2-2: Fly out, F8 (Flyball, 89M, EV 91.2 MPH)
Top of the 4th over - 0 runs, 0 hits, 0 errors, 1 left on base; Columbus 2 - Omaha 0
BOTTOM OF THE 4TH
Omaha Storm Chasers batting - Pitching for Columbus Clippers : RHP Jason Greene
Batting: RHB Taisei Fujii 0-0: Foul Ball, location: 2F
0-1: Ball
1-1: Fly out, F8 (Flyball, 8RD, EV 90.0 MPH)
Batting: LHB Shigeru Ono 0-0: Called Strike
0-1: Ball
1-1: Ball
2-1: Ground out 5-3 (Groundball, 5L, EV 101.9 MPH)
Batting: SHB Francisco Gutierrez 0-0: Ball
1-0: Ball
2-0: Called Strike
2-1: Foul Ball, location: 2F
2-2: Ground out 3-1 (Groundball, 34, EV 100.6 MPH)
Bottom of the 4th over - 0 runs, 0 hits, 0 errors, 0 left on base; Columbus 2 - Omaha 0
TOP OF THE 5TH
Columbus Clippers batting - Pitching for Omaha Storm Chasers : RHP Brandon Ferrari
Batting: LHB Jesus Lozano 0-0: Ball
1-0: Called Strike
1-1: Ball
2-1: Ball
3-1: Called Strike
3-2: Ground out 1-3 (Groundball, 15S, EV 73.1 MPH)
Batting: RHB Eddie LaRose 0-0: Called Strike
0-1: Ball
1-1: Ball
2-1: Foul Ball, location: 2F
2-2: Hit by Pitch
Batting: LHB Robert Watson 0-0: Ball
1-0: Called Strike
1-1: Fly out, F8 (Flyball, 8LD, EV 101.9 MPH)
Batting: RHB Stephen Charbonneau 0-0: Called Strike
0-1: Foul Ball, location: 2F
0-2: Ball
1-2: Strikes out swinging
Top of the 5th over - 0 runs, 0 hits, 0 errors, 1 left on base; Columbus 2 - Omaha 0
BOTTOM OF THE 5TH
Omaha Storm Chasers batting - Pitching for Columbus Clippers : RHP Jason Greene
Batting: RHB Danny Weisse 0-0: Foul Ball, location: 2F
0-1: Ball
1-1: Called Strike
1-2: SINGLE (Groundball, 6MD, EV 101.9 MPH)
Batting: RHB Yuichi Takata 0-0: Called Strike
0-1: Ball
1-1: Foul Ball, location: 2F
1-2: Foul Ball, location: 2F
1-2: Fielders Choice at 2nd, 3-6 (Groundball, 3, EV 85.0 MPH)
Batting: SHB Arturo Baez 0-0: Ball
1-0: Swinging Strike
1-1: Ball
2-1: Ball
3-1: Swinging Strike
3-2: Base on Balls
Yuichi Takata to second
Batting: RHB Kevin Roseen 0-0: Ball
1-0: Called Strike
1-1: Grounds into double play, 5-4-3 (Groundball, 56, EV 102.5 MPH)
Bottom of the 5th over - 0 runs, 1 hit, 0 errors, 1 left on base; Columbus 2 - Omaha 0
TOP OF THE 6TH
Columbus Clippers batting - Pitching for Omaha Storm Chasers : RHP Brandon Ferrari
Batting: RHB Solange Le Coq 0-0: Ball
1-0: Ball
2-0: Ball
3-0: Called Strike
3-1: Called Strike
3-2: Foul Ball, location: 2F
3-2: Strikes out swinging
Pitching: LHP Keith Egan
Batting: RHB Chang-wei Jiang 0-0: Called Strike
0-1: Foul Ball, location: 2F
0-2: Ground out 1-3 (Groundball, 13S, EV 75.6 MPH)
Batting: RHB Terry Baginski 0-0: Swinging Strike
0-1: Ball
1-1: Foul Ball, location: 2F
1-2: Ball
2-2: Ball
3-2: Foul Ball, location: 2F
3-2: Foul Ball, location: 2F
3-2: Foul Ball, location: 2F
3-2: Foul Ball, location: 2F
3-2: Foul Ball, location: 2F
3-2: Base on Balls
Batting: SHB Scott Scott 0-0: Ball
1-0: Called Strike
Terry Baginski steals 2nd base
1-1: Ball
2-1: Swinging Strike
2-2: Ball
3-2: Base on Balls
Batting: LHB Corey Trevor 0-0: Called Strike
0-1: Ball
1-1: Called Strike
1-2: Ground out 5-3 (Groundball, 56S, EV 86.9 MPH)
Top of the 6th over - 0 runs, 0 hits, 0 errors, 2 left on base; Columbus 2 - Omaha 0
BOTTOM OF THE 6TH
Omaha Storm Chasers batting - Pitching for Columbus Clippers : RHP Jason Greene
Batting: LHB Danny Bailey 0-0: Ball
1-0: Fly out, F8 (Flyball, 89D, EV 95.6 MPH)
Batting: RHB Walt Cogswell 0-0: Ball
1-0: Foul Ball, location: 2F
1-1: Ball
2-1: SINGLE (Groundball, 34D, EV 105.6 MPH)
Batting: RHB Taisei Fujii 0-0: Ball
1-0: Called Strike
Walt Cogswell is caught stealing 2nd base 2-4
1-1: Foul Ball, location: 2F
1-2: Ball
2-2: Foul Ball, location: 2F
2-2: Fly out, F4 (Flyball, 4MD, EV 94.4 MPH)
Bottom of the 6th over - 0 runs, 1 hit, 0 errors, 0 left on base; Columbus 2 - Omaha 0
TOP OF THE 7TH
Columbus Clippers batting - Pitching for Omaha Storm Chasers : LHP Keith Egan
Batting: LHB Jesus Lozano 0-0: Ball
1-0: Ball
2-0: Ball
3-0: Called Strike
3-1: Foul Ball, location: 2F
3-2: Base on Balls
Batting: RHB Eddie LaRose 0-0: Swinging Strike
0-1: Swinging Strike
0-2: Ball
1-2: Foul Ball, location: 2F
1-2: Fly out, F9 (Flyball, 9S, EV 82.5 MPH)
Pitching: RHP Elijah Lewis
Batting: LHB Robert Watson 0-0: Ball
1-0: Ball
2-0: Ball
3-0: Called Strike
3-1: Base on Balls
Jesus Lozano to second
Batting: RHB Stephen Charbonneau 0-0: Ball
1-0: Ball
2-0: Called Strike
2-1: Called Strike
2-2: Foul Ball, location: 2F
2-2: Foul Ball, location: 2F
2-2: Foul Ball, location: 2F
2-2: Foul Ball, location: 2F
2-2: Ball
3-2: Strikes out swinging
Batting: RHB Solange Le Coq 0-0: Ball
1-0: Ball
2-0: Ball
3-0: Base on Balls
Jesus Lozano to third
Robert Watson to second
Pinch Hitting: LHB Justin Barker 0-0: Ball
1-0: Called Strike
1-1: Swinging Strike
1-2: SINGLE (Groundball, 3D, EV 103.1 MPH)
Jesus Lozano scores
Robert Watson to third
Solange Le Coq to second
Batting: RHB Terry Baginski 0-0: Foul Ball, location: 2F
0-1: Ball
1-1: Called Strike
1-2: Foul Ball, location: 2F
1-2: Ball
2-2: Ball
3-2: Foul Ball, location: 2F
3-2: Foul Ball, location: 2F
3-2: Base on Balls
Robert Watson scores
Solange Le Coq to third
Justin Barker to second
Pitching: RHP Jake Gregor
Batting: SHB Scott Scott 0-0: Ball
1-0: Swinging Strike
1-1: Foul Ball, location: 2F
1-2: Ball
2-2: Ball
3-2: Base on Balls
Solange Le Coq scores
Justin Barker to third
Terry Baginski to second
Batting: LHB Corey Trevor 0-0: Called Strike
0-1: Foul Ball, location: 2F
0-2: Foul Ball, location: 2F
0-2: Ball
1-2: Ground out U3 (Groundball, 23, EV 89.4 MPH)
Top of the 7th over - 3 runs, 1 hit, 0 errors, 3 left on base; Columbus 5 - Omaha 0
BOTTOM OF THE 7TH
Omaha Storm Chasers batting - Pitching for Columbus Clippers : RHP Jason Greene
Now at 2B: Jason Sher
Now at 3B: Justin Barker
Batting: LHB Shigeru Ono 0-0: Ball
1-0: SOLO HOME RUN (Flyball, 8RXD, EV 115.6 MPH), Distance : 475 ft
Batting: SHB Francisco Gutierrez 0-0: Called Strike
0-1: Ground out 4-3 (Groundball, 4, EV 79.4 MPH)
Batting: RHB Danny Weisse 0-0: Foul Ball, location: 2F
0-1: Ball
1-1: Ball
2-1: Fly out, F9 (Flyball, 9, EV 93.1 MPH)
Batting: RHB Yuichi Takata 0-0: Swinging Strike
0-1: Foul Ball, location: 2F
0-2: Ball
1-2: Ball
2-2: DOUBLE (Groundball, 5L, EV 103.1 MPH)
Batting: SHB Arturo Baez 0-0: Called Strike
0-1: Ball
1-1: Ground out 6-3 (Groundball, 6, EV 101.2 MPH)
Bottom of the 7th over - 1 run, 2 hits, 0 errors, 1 left on base; Columbus 5 - Omaha 1
TOP OF THE 8TH
Columbus Clippers batting - Pitching for Omaha Storm Chasers : RHP Jake Gregor
Batting: LHB Jesus Lozano 0-0: Ball
1-0: Ball
2-0: Ball
3-0: Base on Balls
Batting: RHB Eddie LaRose 0-0: Called Strike
Jesus Lozano steals 2nd base
0-1: Ball
1-1: Ball
2-1: Ball
3-1: Base on Balls
Batting: LHB Robert Watson 0-0: Ball
1-0: Swinging Strike
1-1: Foul Ball, location: 2F
1-2: Ball
2-2: Strikes out swinging
Batting: RHB Stephen Charbonneau 0-0: Called Strike
0-1: Foul Ball, location: 2F
0-2: Ball
1-2: DOUBLE (Groundball, 5L, EV 106.9 MPH)
Jesus Lozano scores
Eddie LaRose to third
Batting: RHB Solange Le Coq 0-0: Called Strike
0-1: Ball
1-1: Ground out 6-3 (Groundball, 6S, EV 70.6 MPH)
Eddie LaRose scores
Stephen Charbonneau to third
Pitching: RHP Joe Jordahl
Batting: LHB Justin Barker 0-0: Ball
1-0: Foul Ball, location: 2F
1-1: Ground out 5-3 (Groundball, 6, EV 91.2 MPH)
Top of the 8th over - 2 runs, 1 hit, 0 errors, 1 left on base; Columbus 7 - Omaha 1
BOTTOM OF THE 8TH
Omaha Storm Chasers batting - Pitching for Columbus Clippers : RHP Jason Greene
Batting: RHB Kevin Roseen 0-0: Called Strike
0-1: Ball
1-1: Fly out, F8 (Flyball, 8RM, EV 90.0 MPH)
Batting: LHB Danny Bailey 0-0: Ball
1-0: Foul Ball, location: 2F
1-1: Called Strike
1-2: Foul Ball, location: 2F
1-2: Ground out 6-3 (Groundball, 56, EV 109.4 MPH)
Batting: RHB Walt Cogswell 0-0: Ground out 1-3 (Groundball, 13S, EV 68.8 MPH)
Bottom of the 8th over - 0 runs, 0 hits, 0 errors, 0 left on base; Columbus 7 - Omaha 1
TOP OF THE 9TH
Columbus Clippers batting - Pitching for Omaha Storm Chasers : RHP Joe Jordahl
Batting: RHB Terry Baginski 0-0: Foul Ball, location: 2F
0-1: Foul Ball, location: 2F
0-2: Strikes out swinging
Batting: RHB Jason Sher 0-0: Called Strike
0-1: Foul Ball, location: 2F
0-2: Ball
1-2: SOLO HOME RUN (Flyball, 78XD, EV 102.5 MPH), Distance : 407 ft
Batting: LHB Corey Trevor 0-0: Ball
1-0: Ground out 5-3 (Groundball, 56, EV 91.2 MPH)
Batting: LHB Jesus Lozano 0-0: Called Strike
0-1: Foul Ball, location: 2F
0-2: Ball
1-2: Fly out, F7 (Flyball, 7LSF, EV 95.6 MPH)
Top of the 9th over - 1 run, 1 hit, 0 errors, 0 left on base; Columbus 8 - Omaha 1
BOTTOM OF THE 9TH
Omaha Storm Chasers batting - Pitching for Columbus Clippers : RHP Jason Greene
Batting: RHB Taisei Fujii 0-0: Ball
1-0: Ball
2-0: Foul Ball, location: 2F
2-1: Foul Ball, location: 2F
2-2: Ball
3-2: Fly out, F7 (Flyball, 78S, EV 92.5 MPH)
Pinch Hitting: RHB Kevin Allen 0-0: Called Strike
0-1: Swinging Strike
0-2: Strikes out looking
Pinch Hitting: LHB Josh Dalton 0-0: Foul Ball, location: 2F
0-1: SINGLE (Groundball, 4MD, EV 96.9 MPH)
Batting: RHB Danny Weisse 0-0: Ground out 5-3 (Groundball, 56S, EV 63.1 MPH)
Bottom of the 9th over - 0 runs, 1 hit, 0 errors, 1 left on base; Columbus 8 - Omaha 1
Tuesday, March 28th , 2023 - OOTP Baseball 23.10 Build 110